[Event "Masters Tournament (MTO)"]
[Site "Biel, Switzerland"]
[Date "2026.07.14"]
[Round "2.1"]
[White "Ashwath, Kaushik"]
[Black "Ganguly, Surya Shekhar"]
[Result "0-1"]
[TimeControl "100+30+30sec/move"]
[WhiteTitle "-"]
[BlackTitle "-"]
[WhiteFideId "33387230"]
[BlackFideId "5002150"]
[WhiteElo "2278"]
[BlackElo "2578"]

1. d4 Nf6 2. Nf3 d5 3. c4 e6 4. g3 Bb4+ 5. Bd2 Be7 6. Bg2 O-O 7. O-O Nbd7 8. Qb3 a5 9. Nc3 c6 10.
a4 h6 11. Bf4 Nh5 12. Bd2 Nhf6 13. Bf4 Nh5 14. Bd2 Bb4 15. Nb1 Bd6 16. Nc3 Nhf6 17. Bf4 Bxf4 18. gxf4 Ne8 19. e3 Nd6 20.
c5 Nf5 21. Kh1 b6 22. cxb6 Rb8 23. Qc2 Qxb6 24. Rab1 Qb3 25. Qxb3 Rb7 26. Qb4 Rxb4 27. Nd2 Rb6 28. Rfc1 Ba6 29. Bf1 Bxf1 30. Nxf1 Rfb8 31.
Rc2 f6 32. Nd2 e5 33. fxe5 fxe5 34. Nf3 exd4 35. Nxd4 Nxd4 36. exd4 Kf7 37. Ne2 g5 38. Ng3 Nf8 39. Rbc1 Ne6 40. Rxc6 Rxc6 41. Rxc6 Rxb2 42. Kg2 Rb3 43.
Kf1 Nf4 44. Ke1 h5 45. Rc7+ Ke6 46. Rc6+ Kd7 47. Rh6 h4 48. Nh5 Rb1+ 49. Kd2 Rb2+ 50. Ke1 Nd3+ 51. Kf1 Rxf2+ 52. Kg1 Ke7 53.
Rg6 Ra2 54. Rxg5 h3 55. Kf1 Rxh2 56.
Rxd5 Rh1+ 57. Ke2 h2 58. Ng3 Rg1 59. Kd2 Rg2+ 0-1

[Event "Masters Tournament (MTO)"]
[Site "Biel, Switzerland"]
[Date "2026.07.14"]
[Round "2.2"]
[White "Acs, Peter"]
[Black "Cherniaev, Alexander"]
[Result "1-0"]
[TimeControl "100+30+30sec/move"]
[WhiteTitle "-"]
[BlackTitle "-"]
[WhiteFideId "708020"]
[BlackFideId "4117301"]
[WhiteElo "2561"]
[BlackElo "2275"]

1. e4 c5 2. Nf3 Nc6 3. Bb5 g6 4. Bxc6 dxc6 5. O-O Bg7 6. d3 b6 7. h3 Nh6 8. a4 O-O 9. a5 Ba6 10.
Re1 f6 11. Nc3 e5 12. Be3 Nf7 13. Qb1 f5 14. b4 f4 15. Bd2 b5 16. bxc5 Bc8 17. Kf1 g5 18. Ke2 g4 19. hxg4 Bxg4 20.
Rh1 Ng5 21. Qa2+ Rf7 22. Rh2 Ne6 23. Kf1 Bxf3 24. Qxe6 1-0

[Event "Masters Tournament (MTO)"]
[Site "Biel, Switzerland"]
[Date "2026.07.14"]
[Round "2.3"]
[White "Rappazzo, Johannes"]
[Black "Ghosh, Diptayan"]
[Result "0-1"]
[TimeControl "100+30+30sec/move"]
[WhiteTitle "-"]
[BlackTitle "-"]
[WhiteFideId "1340069"]
[BlackFideId "5045207"]
[WhiteElo "2268"]
[BlackElo "2554"]

1. e4 e6 2. d4 d5 3. Nc3 Bb4 4. e5 c5 5. a3 Ba5 6. b4 cxd4 7. Qg4 Kf8 8. Nb5 Bb6 9. Nf3 Nc6 10.
Bb2 f6 11. Nbxd4 Nxe5 12. Nxe5 fxe5 13. Nxe6+ Bxe6 14. Qxe6 Qf6 15. Qxf6+ gxf6 16. f4 e4 17. c4 Rd8 18. Rd1 Kf7 19.
g4 Be3 20. cxd5 Bxf4 21. Bc4 h5 22. d6+ Kg6 23. Rg1 h4 24. g5 Bxh2 25. Rg4 Bg3+ 26. Kf1 Kf5 27. Be2 Rxd6 28. Rc1 Rc6 29.
Rd1 Rc2 30. Ba1 Rxe2 31. Kxe2 Kxg4 32. gxf6 Nxf6 33. Bxf6 Rf8 34. Bd4 h3 35. Bxa7 h2 0-1

[Event "Masters Tournament (MTO)"]
[Site "Biel, Switzerland"]
[Date "2026.07.14"]
[Round "2.4"]
[White "Aronyak, Ghosh"]
[Black "Kukushkin, Ivan"]
[Result "1-0"]
[TimeControl "100+30+30sec/move"]
[WhiteTitle "-"]
[BlackTitle "-"]
[WhiteFideId "25072846"]
[BlackFideId "11634103"]
[WhiteElo "2549"]
[BlackElo "2257"]

1. Nf3 Nf6 2. g3 b6 3. Bg2 Bb7 4. c4 c5 5. O-O g6 6. Nc3 Bg7 7. d4 cxd4 8. Nxd4 Bxg2 9. Kxg2 O-O 10.
Nc2 d6 11. e4 Nbd7 12. Qe2 Rc8 13. f3 Qc7 14. Ne3 a6 15. Ned5 Nxd5 16. Nxd5 Qxc4 17. Nxe7+ Kh8 18. Rf2 Qxe2 19.
Rxe2 Rc4 20. Be3 Re8 21. Nd5 Bd4 22. Rd1 Bxe3 23. Nxe3 Rc6 24. Red2 Re6 25. Nc2 Re7 26. Nb4 Rc4 27.
Rd4 Rxd4 28. Rxd4 f5 29. Rxd6 fxe4 30. f4 e3 31. Kf1 e2+ 32. Ke1 Nc5 33. Rd2 Re4 34. a3 Re3 35. Rxe2 Rb3 36. Kd1 a5 37. Nd5 b5 38.
Kc2 Rf3 39. b4 axb4 40. axb4 Na4 41. Re8+ Kg7 42. Re7+ Kh6 43. g4 g5 44. f5 Rf2+ 45. Kd3 Nb2+ 46. Ke3 Nd1+ 47. Kd4 Rd2+ 48.
Kc5 Rc2+ 49. Kxb5 Rc8 50. Re2 Rd8 51. Kc4 Rc8+ 52. Kd4 Rc1 53. Re1 Rb1 54. b5 Rxb5 55. Rxd1 Rb2 56. h3 Rb3 57.
Rd3 Rb1 58. Nc3 Rb7 59. Ne4 Re7 60. Ke3 Rd7 61. Rd6+ Kg7 62. Rxd7+ Kh6 63. h4 1-0

[Event "Masters Tournament (MTO)"]
[Site "Biel, Switzerland"]
[Date "2026.07.14"]
[Round "2.5"]
[White "Georgescu, Lena"]
[Black "Sasikiran, Krishnan"]
[Result "1-0"]
[TimeControl "100+30+30sec/move"]
[WhiteTitle "-"]
[BlackTitle "-"]
[WhiteFideId "1331973"]
[BlackFideId "5004985"]
[WhiteElo "2253"]
[BlackElo "2546"]

1. e4 c5 2. Nf3 g6 3. c3 d5 4.
e5 a6 5.
h3 Nc6 6. d4 Bg7 7. Be2 f6 8. O-O fxe5 9. dxe5 Nh6 10. Re1 Nf7 11. Bf4 Nfxe5 12. Bxe5 Bxe5 13. Nxe5 Nxe5 14. Bxa6 Nc6 15.
Bb5 O-O 16. Nd2 Na7 17. Bf1 Nc6 18. Bb5 e5 19. Bxc6 bxc6 20. Rxe5 Qf6 21. Qe1 Bf5 22. Re3 Rab8 23. b3 d4 24.
cxd4 cxd4 25. Re7 Rf7 26. Qe5 Qxe7 27. Qxb8+ Rf8 28. Qg3 Qe2 29. Nc4 Bc2 30. f3 Bd3 31. Re1 Qxa2 32. Ne5 Bc2 33.
Nxc6 d3 34. Ne7+ Kg7 35. Qe5+ Kh6 36. Re4 Qa7+ 37. Kf1 g5 38. h4 1-0

[Event "Masters Tournament (MTO)"]
[Site "Biel, Switzerland"]
[Date "2026.07.14"]
[Round "2.6"]
[White "Kozak, Adam"]
[Black "Dauth, Benjamin"]
[Result "1-0"]
[TimeControl "100+30+30sec/move"]
[WhiteTitle "-"]
[BlackTitle "-"]
[WhiteFideId "753246"]
[BlackFideId "4688104"]
[WhiteElo "2531"]
[BlackElo "2247"]

1. d4 d5 2. c4 e6 3. Nc3 Nf6 4. Nf3 Be7 5. Bg5 O-O 6. e3 Nbd7 7. Qc2 dxc4 8. Bxc4 c5 9. O-O cxd4 10.
Nxd4 Ne5 11. Be2 Bd7 12. Rfd1 Qa5 13. Bf4 Ng6 14. Bg3 Rac8 15. Qb3 Bc6 16. Nxc6 Rxc6 17. a3 Qb6 18. Qxb6 Rxb6 19.
Na4 Rc6 20. Bf3 Ra6 21. Nc3 e5 22. Rac1 Rb6 23. Na4 Rb3 24. Rd2 b5 25. Nc5 Bxc5 26. Rxc5 b4 27. a4 h5 28. Kf1 Re8 29. h3 h4 30. Bh2 Re7 31. Rcc2 Rd7 32. Be2 Rxd2 33. Rxd2 Ne4 34. Rc2 Nd6 35. Ke1 f6 36. Rd2 Ne7 37.
Bd1 1-0

[Event "Masters Tournament (MTO)"]
[Site "Biel, Switzerland"]
[Date "2026.07.14"]
[Round "2.7"]
[White "Ivana Maria, Furtado"]
[Black "Gopal, G.N."]
[Result "1/2-1/2"]
[TimeControl "100+30+30sec/move"]
[WhiteTitle "-"]
[BlackTitle "-"]
[WhiteFideId "5048400"]
[BlackFideId "5015693"]
[WhiteElo "2182"]
[BlackElo "2529"]

1. d4 Nf6 2. c4 e6 3. Nc3 Bb4 4. Qc2 d5 5. a3 Bxc3+ 6. Qxc3 O-O 7. Nf3 b6 8. Bg5 Nbd7 9. cxd5 exd5 10. e3 c5 11. dxc5 bxc5 12. Bxf6 Qxf6 13. Qxf6 Nxf6 14. b4 c4 15.
Nd4 Bd7 16. Be2 Rfb8 17. Bf3 a5 18. Kd2 g5 19. h3 h5 20. g3 g4 21. hxg4 hxg4 22. Bg2 axb4 23. axb4 Rxa1 24. Rxa1 Rxb4 25. Kc3 Rb6 26.
f4 gxf3 27. Bxf3 Bg4 28. Bg2 Kg7 29. Ra5 Rd6 30. Nb5 Rd7 31. Kd4 Be6 32. Nc3 Rd8 33. Bf3 Kh6 34. Rc5 Kg7 35. Ra5 Kh6 36. Rc5 Rg8 37. Nxd5 Rxg3 38.
Nxf6 Rxf3 39. Nh5 Rf1 40. Nf4 Rd1+ 1/2-1/2

[Event "Masters Tournament (MTO)"]
[Site "Biel, Switzerland"]
[Date "2026.07.14"]
[Round "2.8"]
[White "Alexakis, Dimitris"]
[Black "Matsumura, Cocoro"]
[Result "1-0"]
[TimeControl "100+30+30sec/move"]
[WhiteTitle "-"]
[BlackTitle "-"]
[WhiteFideId "4277023"]
[BlackFideId "36087114"]
[WhiteElo "2525"]
[BlackElo "2225"]

1. e4 c5 2. Nf3 d6 3. d4 cxd4 4. Nxd4 Nf6 5. Nc3 a6 6. h3 e5 7. Nde2 h5 8. g3 Be6 9. Bg2 Nbd7 10.
a4 Be7 11. O-O O-O 12. a5 Rc8 13. Be3 Nb8 14. Qd2 Qc7 15. Rfc1 Bd8 16. Nd5 Qd7 17. Kh2 Bxd5 18. exd5 Qb5 19.
b3 Be7 20. c4 Qxb3 21. Rc3 Qb4 22. Qc2 Nbd7 23. Ra4 1-0

[Event "Masters Tournament (MTO)"]
[Site "Biel, Switzerland"]
[Date "2026.07.14"]
[Round "2.9"]
[White "Ling, Chenxuan"]
[Black "Gloeckler, Christian"]
[Result "1/2-1/2"]
[TimeControl "100+30+30sec/move"]
[WhiteTitle "-"]
[BlackTitle "-"]
[WhiteFideId "30983118"]
[BlackFideId "34608966"]
[WhiteElo "2166"]
[BlackElo "2506"]

1. d4 Nf6 2. c4 e6 3. Nc3 Bb4 4. Qc2 O-O 5. e4 d5 6. e5 Ne4 7. Bd3 c5 8. Nf3 cxd4 9. Nxd4 Nd7 10.
Bf4 Qh4 11. g3 Qh5 12. O-O g5 13. cxd5 Nxc3 14. dxe6 gxf4 15. exd7 Bxd7 16. bxc3 fxg3 17. hxg3 Rac8 18. Bf5 Bxc3 19.
Qd1 Qxd1 20. Raxd1 Rc4 21. Bxd7 Rxd4 22. e6 fxe6 23. Bxe6+ Kh8 24. Rxd4 Bxd4 25. Kg2 Bc5 26. Bg4 Rf6 27.
Bf3 Ra6 28. Rc1 b6 29. Rc2 Ra3 30. Rd2 b5 31. Bc6 b4 32. Bd5 a5 33. Rc2 Rc3 34. Rxc3 bxc3 35. Bb3 Kg7 1/2-1/2

[Event "Masters Tournament (MTO)"]
[Site "Biel, Switzerland"]
[Date "2026.07.14"]
[Round "2.10"]
[White "Shukhman, Anna"]
[Black "Liu, Bei"]
[Result "1-0"]
[TimeControl "100+30+30sec/move"]
[WhiteTitle "-"]
[BlackTitle "-"]
[WhiteFideId "54180058"]
[BlackFideId "8603596"]
[WhiteElo "2443"]
[BlackElo "2175"]

1. e4 c5 2. Nf3 d6 3. d4 cxd4 4. Nxd4 Nf6 5. Nc3 a6 6.
Be2 e5 7. Nb3 Be7 8. Be3 Be6 9. Nd5 Nbd7 10. Qd3 Bxd5 11. exd5 O-O 12. g4 Ne8 13. h4 g6 14. O-O-O Bxh4 15.
Rh3 Ng7 16. Rdh1 g5 17. Nd2 f5 18. gxf5 Nxf5 19. Nf3 Qf6 20. Rg1 Kh8 21. Bxg5 Bxg5+ 22. Nxg5 h6 23. Ne4 Qe7 24. Bg4 Qg7 25.
Qd1 Nd4 26. Rgh1 Nf6 27. Rxh6+ Kg8 28. Be6+ Nxe6 29. dxe6 Nxe4 30. Qh5 1-0

[Event "Masters Tournament (MTO)"]
[Site "Biel, Switzerland"]
[Date "2026.07.14"]
[Round "2.11"]
[White "Kudryavtsev, Eugene"]
[Black "Baenziger, Fabian"]
[Result "0-1"]
[TimeControl "100+30+30sec/move"]
[WhiteTitle "-"]
[BlackTitle "-"]
[WhiteFideId "1315374"]
[BlackFideId "1330110"]
[WhiteElo "2146"]
[BlackElo "2435"]

1. d4 Nf6 2. c4 e6 3. Nf3 d5 4. Nc3 c6 5. e3 Bd6 6. Qc2 O-O 7. Bd3 Nbd7 8. O-O dxc4 9. Bxc4 b5 10.
Bd3 Bb7 11. Bd2 Rc8 12. a3 a5 13. Ng5 c5 14. Bxh7+ Kh8 15. Be4 Ba6 16. Qd1 b4 17. Qf3 g6 18. Ne2 Kg7 19. Bb7 Bxh2+ 20. Kh1 Bxb7 21. Qxb7 Rh8 22.
Nh3 Bb8 23. f4 cxd4 24. axb4 axb4 25. Bxb4 Nd5 26. Nxd4 Rc7 27. Qb5 N7f6 28. Rae1 Ne4 29. Rf3 Qh4 30. f5 Nxb4 31. f6+ Kh7 32.
Qxb4 Rb7 33. Qa5 Ra7 34. Qb4 Bd6 0-1

[Event "Masters Tournament (MTO)"]
[Site "Biel, Switzerland"]
[Date "2026.07.14"]
[Round "2.12"]
[White "Lu, Miaoyi"]
[Black "Vihaan, Dumir"]
[Result "1-0"]
[TimeControl "100+30+30sec/move"]
[WhiteTitle "-"]
[BlackTitle "-"]
[WhiteFideId "8618020"]
[BlackFideId "25901010"]
[WhiteElo "2392"]
[BlackElo "2132"]

1. e4 d5 2. exd5 Qxd5 3. Nc3 Qa5 4. Nf3 Nf6 5. h3 a6 6. a3 c5 7. d4 e6 8. Bd3 Be7 9. dxc5 Qxc5 10.
Bf4 O-O 11. Qe2 Nc6 12. O-O-O Qa5 13. Bd2 Qc7 14. g4 b5 15.
g5 Nd7 16. Ne4 Bb7 17. Rhg1 Rfd8 18. Kb1 e5 19. h4 Kh8 20. h5 g6 21. Rh1 Kg7 22. hxg6 hxg6 23. Rh6 Rh8 24. Rdh1 Rag8 25.
Bc3 b4 26. axb4 Bxb4 27. Qe1 Bxc3 28. Qxc3 Qa5 29. Qb3 Nd8 30. R1h4 Bd5 31. c4 Bxe4 32. Bxe4 Ne6 33. Qd1 Ndc5 34.
Rh7+ Rxh7 35. Rxh7+ Kxh7 36. Qh1+ Kg7 37. Qh6# 1-0

[Event "Masters Tournament (MTO)"]
[Site "Biel, Switzerland"]
[Date "2026.07.14"]
[Round "2.13"]
[White "Dai, Wenzhi"]
[Black "Savitha, Shri B"]
[Result "0-1"]
[TimeControl "100+30+30sec/move"]
[WhiteTitle "-"]
[BlackTitle "-"]
[WhiteFideId "8608369"]
[BlackFideId "35061887"]
[WhiteElo "2126"]
[BlackElo "2368"]

1. e4 c5 2. Nf3 d6 3. d4 cxd4 4. Nxd4 Nf6 5. Nc3 Nc6 6. f3 e5 7. Nb3 Be7 8. Be3 O-O 9. Qd2 a5 10.
a4 Nb4 11. O-O-O Be6 12. g4 Rc8 13. Kb1 Nd7 14. Bd3 b6 15. Bb5 Qc7 16. Qf2 Qb7 17. Rd2 Rb8 18. Rhd1 Nc5 19. Nxc5 bxc5 20.
Nd5 Nxd5 21. exd5 Bd7 22. c4 f5 23. Qg2 Be8 24. f4 fxg4 25.
fxe5 Rf3 26. Bf2 Qc8 27. e6 h5 28. Ka2 Bg6 29. Bg3 Qf8 30. Be1 Qf4 31. Rf2 Be4 32. Qg1 Qe3 33. Ka1 Qb3 0-1

[Event "Masters Tournament (MTO)"]
[Site "Biel, Switzerland"]
[Date "2026.07.14"]
[Round "2.14"]
[White "Cao, Qingfeng"]
[Black "Fogo Esquivel, Levi Kalani Alexander"]
[Result "1-0"]
[TimeControl "100+30+30sec/move"]
[WhiteTitle "-"]
[BlackTitle "-"]
[WhiteFideId "8627568"]
[BlackFideId "5183189"]
[WhiteElo "2365"]
[BlackElo "2125"]

1. Nf3 Nf6 2. c4 e6 3. g3 d5 4. Bg2 Be7 5. d4 O-O 6. O-O dxc4 7. Qa4 a6 8. Qxc4 b5 9. Qc2 Bb7 10.
Bd2 Be4 11. Qc1 Qc8 12. b4 a5 13. bxa5 b4 14. Bf4 Rxa5 15. Nbd2 Bd5 16. Qb2 Qa6 17. Nb3 Ra3 18. Bxc7 Nbd7 19.
Rfc1 Ra8 20. Ne5 Bxg2 21. Kxg2 Rxa2 22. Rxa2 Qxa2 23. Qxa2 Rxa2 24. Ba5 Ra3 25.
Nxd7 Nxd7 26. Rc7 Rxb3 27. Rxd7 Bf8 28. Rd8 g6 29. Bc7 Kg7 30. Be5+ f6 31. Rd7+ Kg8 32. Bxf6 Rb1 33. Rb7 b3 34.
e4 b2 35. d5 exd5 36. exd5 Rd1 37.
Bxb2 Rxd5 38. Rb8 Kf7 39. Rb7+ Kg8 40. Bc1 Bg7 41. Be3 h5 42. h3 Rf5 43. Rd7 Rb5 44. g4 hxg4 45. hxg4 Rb4 46.
Kg3 Rb5 47. Kf3 Ra5 48. Ke4 Ra4+ 49. Kf3 Ra5 50. Kg2 Ra4 51. Kg3 Rb4 52. f4 Rb3 53. Kf3 Rb4 54. Re7 Ra4 55. Re6 Kf7 56.
Rb6 Rc4 57. Ke2 Ra4 58. Rb7+ Kg8 59. Kf3 Rc4 60. Bd2 Ra4 61. Bb4 Bf8 62. Be1 Bd6 63. Bd2 Bf8 64. Be3 Bg7 65. Bc5 Rc4 66.
Bd6 Ra4 67. Rc7 Rd4 68. Rxg7+ 1-0

[Event "Masters Tournament (MTO)"]
[Site "Biel, Switzerland"]
[Date "2026.07.14"]
[Round "2.15"]
[White "Xu, Chang(Cq)"]
[Black "Dong, Hongfu"]
[Result "0-1"]
[TimeControl "100+30+30sec/move"]
[WhiteTitle "-"]
[BlackTitle "-"]
[WhiteFideId "8641757"]
[BlackFideId "8626960"]
[WhiteElo "2125"]
[BlackElo "2353"]

1. e4 c5 2. Nf3 d6 3. d4 cxd4 4. Nxd4 Nf6 5. Nc3 a6 6. Bg5 Nbd7 7. Qe2 h6 8. Bh4 g6 9. O-O-O e5 10.
Nb3 Be7 11. f3 b5 12. Bf2 Bb7 13. a3 Rc8 14. Qd2 Qc7 15. Kb1 Bc6 16. g4 Nb6 17. Na5 Bd7 18. Be3 Na4 19. Nxa4 bxa4 20.
Nc4 Be6 21. Nb6 Rb8 22. Nd5 Bxd5 23. exd5 a5 24. Ka1 Qb7 25. c4 Nd7 26. Qc3 Bg5 27. Bf2 Qc7 28. Bd3 Rb3 29. Qc2 Nc5 30.
Bxc5 Qxc5 31. Ka2 Ke7 32. Rb1 Rhb8 33. h4 Be3 34. Rh2 Bd4 35. Qd1 Bxb2 0-1

[Event "Masters Tournament (MTO)"]
[Site "Biel, Switzerland"]
[Date "2026.07.14"]
[Round "2.16"]
[White "Haimovich, Tal"]
[Black "Angst, Oliver"]
[Result "1-0"]
[TimeControl "100+30+30sec/move"]
[WhiteTitle "-"]
[BlackTitle "-"]
[WhiteFideId "2801698"]
[BlackFideId "1334069"]
[WhiteElo "2310"]
[BlackElo "2121"]

1. d4 d5 2. c4 c6 3. Nf3 Nf6 4. Nc3 e6 5. Bg5 Nbd7 6. e3 Qa5 7. Nd2 dxc4 8. Bxf6 Nxf6 9. Nxc4 Qc7 10.
g3 Be7 11. Bg2 O-O 12. O-O Rd8 13. Rc1 Bd7 14. Ne5 Be8 15. Nd3 a5 16. Qc2 Nd5 17. a3 Nxc3 18. Qxc3 a4 19. Rfd1 Qa5 20.
Qc2 f6 21. Be4 g6 22. f4 Bf7 23. Qe2 Kg7 24. Nc5 Qb6 25. Rf1 Ra5 26. Nd3 c5 27. dxc5 Bxc5 28. Nxc5 Rxc5 29. Rxc5 Qxc5 30.
Bxb7 Rb8 31. Ba6 Rb3 32. Bd3 Qb6 33. Rf2 Be8 34. Qd2 Bc6 35. Re2 Bf3 36. Bc4 Bxe2 37. Bxb3 Bb5 38. Bd1 Bc6 39.
Qd4 Qb7 40. Bc2 Qc7 41. Kf2 Qb7 42. Ke1 Bb5 43. e4 Qc6 44. Kd2 Bc4 45. Qa7+ Kh6 46. Qe7 Bb3 47. Bd3 Bc4 48. Qf8+ Kh5 49.
Qxf6 Kg4 50. Qc3 1-0

[Event "Masters Tournament (MTO)"]
[Site "Biel, Switzerland"]
[Date "2026.07.14"]
[Round "2.17"]
[White "Malli, Suvirr"]
[Black "Balabayeva, Xeniya"]
[Result "0-1"]
[TimeControl "100+30+30sec/move"]
[WhiteTitle "-"]
[BlackTitle "-"]
[WhiteFideId "1341855"]
[BlackFideId "13719688"]
[WhiteElo "2120"]
[BlackElo "2302"]

1. e4 e5 2. Nf3 Nc6 3. Bc4 Nf6 4. d3 Be7 5. O-O O-O 6. Re1 d6 7. a4 Na5 8. Ba2 c5 9. c3 Nc6 10.
h3 Be6 11. Bxe6 fxe6 12. d4 cxd4 13. cxd4 Qb6 14. d5 exd5 15. exd5 Nb4 16. Nc3 Qa6 17. Bg5 h6 18. Bxf6 Bxf6 19.
Re4 Nd3 20. Nb5 Nc5 21. Re2 Rac8 22. Nd2 Nxa4 23. Rxa4 Qxb5 24. Ne4 Qb6 25. Ra3 Rc4 26. Rc3 Rxc3 27. Nxc3 Qd4 28. Qc2 Rc8 29. Rd2 Qf4 30. g3 Qf3 31. Rd3 Qf5 32. Kg2 e4 33. Re3 Bxc3 34.
bxc3 Qxd5 35. Qa4 a6 36. Qd7 Rf8 37. Qg4 Re8 38. Qd7 Qc6 39. Qf5 b5 40. g4 a5 41. h4 Re5 42. Qg6 Qd5 43.
g5 hxg5 44. Kh2 gxh4 45. Qg4 Rg5 46. Qc8+ Kh7 47. Rh3 Qe5+ 48. Kh1 Qf4 49. Qd8 Qc1+ 0-1

[Event "Masters Tournament (MTO)"]
[Site "Biel, Switzerland"]
[Date "2026.07.14"]
[Round "2.18"]
[White "Arsenie, Cristian Marc"]
[Black "Coban, Ege"]
[Result "1/2-1/2"]
[TimeControl "100+30+30sec/move"]
[WhiteTitle "-"]
[BlackTitle "-"]
[WhiteFideId "1345923"]
[BlackFideId "26320304"]
[WhiteElo "2300"]
[BlackElo "1986"]

1. e4 c5 2. Nf3 Nc6 3. Bb5 g6 4. Bxc6 bxc6 5. O-O Bg7 6. Re1 Nh6 7. c3 O-O 8. h3 f5 9. e5 Nf7 10.
d4 cxd4 11. cxd4 Bb7 12. Na3 c5 13. dxc5 e6 14. Nc4 Qc7 15. Qd4 Bd5 16. Nfd2 Rfc8 17. b4 d6 18. cxd6 Nxd6 19. Nxd6 Qxd6 20.
Bb2 Qd7 21. Nb3 Rc4 22. Qd2 Qb5 23. a3 Rac8 24. Rac1 Rxc1 25. Rxc1 Rxc1+ 26. Nxc1 Qc4 27. Nd3 g5 28. Nc5 f4 29.
f3 h5 30. Nd7 g4 31. hxg4 hxg4 32.
fxg4 f3 33. gxf3 Bxf3 34. Bd4 Qc7 35. Nf6+ Bxf6 36. exf6 Qg3+ 37. Kf1 Qxg4 38. Be5 Bd5 39. Qe3 Qd1+ 40. Kf2 Qc2+ 41. Kg3 Qg6+ 42.
Kf2 Qc2+ 43. Ke1 Qb1+ 44. Kd2 Qa2+ 45. Kc1 Qc4+ 46. Bc3 Qf1+ 47. Kb2 Qg2+ 48. Bd2 Kf7 49. Qxa7+ Kxf6 50. Qe3 Qe4 51. Qf2+ Qf3 52. Bc3+ Kf5 53.
Qh2 Qg2+ 54. Qxg2 Bxg2 55. Kb3 Bf1 56. a4 Ke4 57. b5 Kd5 58. Kb4 Kd6 59. Ka5 Kc7 60. Ka6 Kb8 61. Kb6 Ka8 62.
Kc7 Be2 63. b6 Ba6 64. a5 Bb7 65. Bb2 Ba6 66. Ba1 Bb7 67. Bh8 Ba6 68. Bf6 Bb7 69. Bd4 Ba6 70. Kc6 Bc8 71. Be5 Bb7+ 72.
Kb5 Ba6+ 73. Kc5 Kb7 74. Bd6 1/2-1/2

[Event "Masters Tournament (MTO)"]
[Site "Biel, Switzerland"]
[Date "2026.07.14"]
[Round "2.19"]
[White "Fattori Dittmar, Luca"]
[Black "Pleschke, Julius Jonas"]
[Result "0-1"]
[TimeControl "100+30+30sec/move"]
[WhiteTitle "-"]
[BlackTitle "-"]
[WhiteFideId "34678883"]
[BlackFideId "54734258"]
[WhiteElo "1840"]
[BlackElo "2280"]

1. e4 c5 2. Nf3 a6 3. c3 d5 4. exd5 Qxd5 5. d4 e6 6. Be3 Nd7 7. Nbd2 Ngf6 8. h3 Be7 9. Be2 O-O 10.
O-O b6 11. dxc5 Bxc5 12. Bxc5 Qxc5 13. Bd3 Bb7 14. Qe2 Qc7 15. Ne4 Nd5 16. Bc2 Rae8 17. Rad1 f5 18. Ned2 b5 19. c4 Nf4 20.
Qe3 e5 21. Bb3 b4 22. Rfe1 Nc5 23. Nf1 e4 24. Nd4 Nfd3 25. Re2 f4 26. Qd2 Rd8 27. Nc2 0-1

[Event "Masters Tournament (MTO)"]
[Site "Biel, Switzerland"]
[Date "2026.07.14"]
[Round "2.20"]
[White "Elmi, Saad Abobaker"]
[Black "Heitmann, Erik"]
[Result "1-0"]
[TimeControl "100+30+30sec/move"]
[WhiteTitle "-"]
[BlackTitle "-"]
[WhiteFideId "1553259"]
[BlackFideId "34608940"]
[WhiteElo "2399"]
[BlackElo "1949"]

1. e4 c5 2. Nf3 d6 3. Bc4 e6 4. O-O Nf6 5. d3 Be7 6. Re1 Nc6 7. Nc3 a6 8. a3 O-O 9. h3 b5 10.
Ba2 Bb7 11. Ne2 Qc7 12. Ng3 Rfd8 13. c3 Ne5 14. d4 Nxf3+ 15. Qxf3 c4 16. Bf4 Qc6 17. Rad1 Bf8 18. Bg5 Be7 19.
Nh5 Nxh5 20. Bxe7 Rd7 21. Bg5 g6 22. d5 Qc5 23. g4 Ng7 24. Bf6 e5 25. h4 Qc8 26. Bg5 Qf8 27. h5 Ne8 28.
Kg2 f6 29. Be3 g5 30. b3 cxb3 31.
Bxb3 Rc8 32. Rc1 h6 33. a4 Ng7 34. axb5 axb5 35. Qe2 Ba6 36. Bd2 Rc5 37. Ra1 Qc8 38. Qf3 Rf7 39. Ra5 Bb7 40.
Rea1 Kf8 41. Be3 Rxc3 42. Rxb5 Kg8 43. Ra7 Ba6 44. Rxf7 Bxb5 45. Rxf6 Rxb3 46. Rxh6 Rb1 47. Rg6 Qc4 48.
h6 Qf1+ 49. Kg3 Qg1+ 50. Qg2 Bd3 51. Qxg1 Rxg1+ 52. Kf3 Bc2 53. Rxg7+ Kh8 54. Bxg5 Bd1+ 55. Ke3 Re1+ 56. Kd3 Bc2+ 57.
Kc3 Bxe4 58. Bf6 Rc1+ 59. Kd2 Rf1 60. Ke2 Rh1 61. h7 Rh6 62. Rf7+ Rxf6 63. Rxf6 Bxd5 64. Rxd6 Bc4+ 65. Ke3 Kxh7 66.
Ke4 Be2 67. Kf5 e4 68. Rd7+ 1-0

[Event "Masters Tournament (MTO)"]
[Site "Biel, Switzerland"]
[Date "2026.07.14"]
[Round "2.21"]
[White "Nguyen, Thi Mai Hung"]
[Black "Damen, Josephine"]
[Result "1-0"]
[TimeControl "100+30+30sec/move"]
[WhiteTitle "-"]
[BlackTitle "-"]
[WhiteFideId "12401676"]
[BlackFideId "1074369"]
[WhiteElo "2260"]
[BlackElo "1971"]

1. d4 Nf6 2. Nf3 g6 3. Bg5 Bg7 4. Nbd2 d6 5. c3 O-O 6. e4 h6 7. Bh4 Nbd7 8. Bd3 e5 9. O-O g5 10.
Bg3 Nh5 11. dxe5 dxe5 12. Nc4 Nf4 13. Bc2 Qe7 14. Qd2 Nb6 15. Ne3 Be6 16. Bb3 a5 17. h4 Rfd8 18. Qc2 Bd7 19. hxg5 hxg5 20.
a3 Bb5 21. c4 Bc6 22. Rad1 Bd7 23.
c5 Nc8 24. Bxf4 exf4 25. Nd5 Qf8 26. Nxc7 g4 27. Ng5 Qe7 28. Nxf7 Qh4 29. Nxd8+ Kh8 30. Nf7+ 1-0

[Event "Masters Tournament (MTO)"]
[Site "Biel, Switzerland"]
[Date "2026.07.14"]
[Round "2.22"]
[White "Joly, Julien"]
[Black "Aryan, Mehta"]
[Result "1/2-1/2"]
[TimeControl "100+30+30sec/move"]
[WhiteTitle "-"]
[BlackTitle "-"]
[WhiteFideId "26082284"]
[BlackFideId "33329664"]
[WhiteElo "2257"]
[BlackElo "1979"]

1. d4 Nf6 2. Nc3 d5 3. Bf4 g6 4. e3 Bg7 5. h4 O-O 6. h5 c5 7. hxg6 hxg6 8. dxc5 Qa5 9. Qd2 Qxc5 10.
Bh6 Bxh6 11. Rxh6 Nc6 12. O-O-O Bf5 13. Nf3 Kg7 14. Rh4 Rh8 15. Rxh8 Rxh8 16. Nd4 Nxd4 17. exd4 Qd6 18. f3 Rh2 19. Qe3 Nh5 20. Ne2 Be6 21.
Qg5 Nf6 22. a3 a6 23. Kb1 b5 24. Qf4 Qxf4 25. Nxf4 Bf5 26. Kc1 g5 27. Ne2 g4 28. Kd2 gxf3 29. gxf3 Nh7 30. c3 Ng5 31.
Ke3 Kf6 32. Ra1 Bc2 33. Nf4 Bb3 34. Bg2 Ne6 35. Rh1 Rxh1 36. Bxh1 Nxf4 37. Kxf4 Bc4 38. b4 Bf1 39. Ke3 e6 40.
Kf4 Bh3 41. Kg3 Bf1 42. Kg4 Kg6 43. Kf4 Kf6 44. Ke3 Bh3 45. f4 Bf1 46. Bf3 Kg6 47. Bd1 Kf5 48. Bc2+ Kf6 49. Kf3 Bh3 50. a4 Bf5 51. Bd1 Bd3 52.
Ke3 Bf1 53. a5 Bc4 54. Bc2 Bf1 55. Bd1 Kf5 56. Bh5 Kf6 57. Bg4 Kg6 58. f5+ exf5 59. Bf3 Bc4 60. Kf4 Kf6 61. Bg2 Ke6 62.
Bh3 Bd3 63. Kg5 f6+ 64. Kf4 Be4 65. Bf1 Kd6 66. Be2 Bc2 67. Bh5 Ke7 68. Ke3 Be4 69. Kf4 Bc2 70. Bg6 Be4 71. Bh5 1/2-1/2

[Event "Masters Tournament (MTO)"]
[Site "Biel, Switzerland"]
[Date "2026.07.14"]
[Round "2.23"]
[White "Scherler, Julius"]
[Black "Gireada, Daniel"]
[Result "0-1"]
[TimeControl "100+30+30sec/move"]
[WhiteTitle "-"]
[BlackTitle "-"]
[WhiteFideId "1337947"]
[BlackFideId "1206451"]
[WhiteElo "1941"]
[BlackElo "2255"]

1. e4 c6 2. Nf3 d5 3. d3 Bg4 4. Be2 e6 5. O-O Nf6 6. Nfd2 Bxe2 7. Qxe2 d4 8. e5 Nd5 9. a4 Nd7 10.
Re1 Qc7 11. Na3 a6 12. Qg4 Nxe5 13. Qg3 Ng6 14. Qg4 c5 15. Nf3 Nf6 16. Qh3 Be7 17. Nc4 O-O 18. a5 Rad8 19. Ng5 h6 20.
Ne4 Nxe4 21. Rxe4 Kh7 22. Bd2 Rd5 23. Nb6 Re5 24. Rxe5 Nxe5 25. Bf4 Bd6 26. Bxe5 Bxe5 27. Re1 Bd6 28.
Qh4 Qc6 29. Nc4 Re8 30. b3 Bc7 31. h3 Kg8 32. Re4 f5 33. Re1 e5 34. Qh5 Qd7 35. f4 e4 36. dxe4 Rxe4 37. Rxe4 fxe4 38.
Qxc5 Bxf4 39. Ne5 Be3+ 40. Kh1 Qf5 41. Qc4+ Kh7 42. Ng4 Bf2 43. Nxf2 Qxf2 44. Qd5 Qf1+ 45. Kh2 Qf4+ 46. g3 Qf2+ 47.
Kh1 e3 48. Qe4+ Kg8 49. Qe8+ Qf8 50. Qe4 Kh8 51. Kg2 Qf6 52. Qe8+ Kh7 53. Qe4+ Qg6 54. Qxd4 Qxc2+ 55. Kf3 Qf2+ 56.
Kg4 h5+ 57. Kxh5 Qf5+ 58. Kh4 g5+ 59. Kh5 g4+ 60. Kh4 e2 61. Qe3 Kg6 62. hxg4 Qf6+ 63. g5 Qh8+ 64. Kg4 Qh5+ 0-1